 Dungeon Crawl Stone Soup version 0.28.0-53-g5a82cb258f (webtiles) character file.

Game seed: 4232744775477885781

91 Tirrikindir the Skirmisher (level 4, 0/31 HPs)
             Began as an Octopode Fighter on Aug 11, 2022.
             Killed from afar by Sigmund (4 damage)
             ... with a magic dart
             ... on level 3 of the Dungeon.
             The game lasted 00:04:15 (2240 turns).

Tirrikindir the Skirmisher (Octopode Fighter)       Turns: 2240, Time: 00:04:15

Health: 0/31       AC:  1    Str: 15    XL:     4   Next: 57%
Magic:  4/4        EV: 13    Int: 10    God:
Gold:   72         SH:  5    Dex: 13    Spells: 3/3 levels left

rFire   . . .      SeeInvis .   d - +2 falchion (flame)
rCold   . . .      Faith    .   b - +0 buckler
rNeg    . . .      Spirit   .   (helmet restricted)
rPois   .          Reflect  .   (no amulet)
rElec   .          Harm     .   f - ring of wizardry
rCorr   .          Rampage  .   (no ring)
Will    .....                   (no ring)
Stlth   +++.......              (no ring)
HPRegen 0.10/turn               (no ring)
MPRegen 0.09/turn               (no ring)
                                (no ring)
                                (no ring)

@: mighty
A: almost no armour, amphibious, 8 rings, camouflage 1, gelatinous body 1,
(nimble swimmer 1), tentacles
a: no special abilities


You were on level 3 of the Dungeon.
You visited 1 branch of the dungeon, and saw 3 of its levels.

You collected 72 gold pieces.

Inventory:

Hand Weapons
 d - a +2 falchion of flaming (weapon)
Armour
 b - a +0 buckler (worn)
Jewellery
 f - a ring of wizardry (left tentacle)
Wands
 a - a wand of polymorph (9)
Scrolls
 g - a scroll of amnesia
 h - 2 scrolls of immolation
Potions
 e - a potion of lignification
 i - a potion of heal wounds {unknown}


   Skills:
 + Level 3.4 Fighting
 * Level 3.0 Long Blades
 + Level 3.3 Dodging
 + Level 2.2 Stealth
 + Level 3.4 Shields


You had 3 spell levels left.
You didn't know any spells.
Your spell library was empty.

Dungeon Overview and Level Annotations

Branches:
Dungeon (3/15)

Altars:
Hepliaklqana

Shops:
D:1 (*(

Annotations:
D:3 Sigmund


Innate Abilities, Weirdness & Mutations

You cannot wear most types of armour.
You are amphibious.
You can wear up to eight rings at the same time.
Your skin changes colour to match your surroundings (Stealth+).
Your rubbery body absorbs attacks. (AC +1, EV +1)
((You are camouflaged when in or above water. (Stealth+)))
You have tentacles for arms and can constrict up to eight enemies at once.


Message History

Found a fizzy blue potion.
Found a stone staircase leading up.
The helpless kobold fails to defend itself.
You slash the kobold! You burn the kobold.
You kill the kobold!
You see here a +0 dagger.
You now have 72 gold pieces (gained 7).
i - a fizzy blue potion An orc comes into view.
It is wielding a +0 club.
Found 19 bolts.
Found a stone staircase leading down.
Found an escape hatch in the ceiling.
The orc shouts!
The orc completely misses you.
You hit the orc. You burn the orc.
You kill the orc!
You see here a +0 club.
Found a stone staircase leading down.
There is an escape hatch in the ceiling here.
There is an escape hatch in the ceiling here.
A mysterious force pulls you upwards. The hatch slams shut behind you.
(D) Dungeon
Where to? (Enter - D:3, ? - help)
There is a stone staircase leading down here.
You climb downwards.
There is a stone staircase leading up here.
Sigmund the Dreaded comes into view.
He is wielding a +1 scythe of freezing.
You feel very mighty all of a sudden. Sigmund gestures at you while chanting.
The puff of flame hits you!
Sigmund hits you with a +1 scythe of freezing!
* * * LOW HITPOINT WARNING * * *
Sigmund freezes you.
* * * LOW HITPOINT WARNING * * *
You slash Sigmund! You burn Sigmund! You grab Sigmund.
Sigmund is severely wounded.
You constrict Sigmund. Sigmund casts a spell at you. The magic dart hits you.
You die...

#......#
..###......#
..........#
###.[....#
#......#
#......# #
#####......# .#
.#
####.........(#
.##.
#.@@.###......#
... #...####
#......# ..##
#..# ####..##
...# #. #.##
.(.###. ##.#
....#≈≈≈ ##..#
.#≈≈≈≈≈≈≈≈
#..##
##≈≈≈≈≈≈≈≈≈≈#
#.##
#≈≈≈≈≈≈≈≈≈≈≈##
#.#


You could see Sigmund.

Vanquished Creatures
  Jessica (D:2)
  An adder (D:3)
  2 worms (D:2)
  A dart slug (D:1)
  An orc (D:3)
  2 ball pythons (D:1)
  3 bats (D:1)
  5 endoplasms
  2 giant cockroaches
  2 goblins (D:1)
  6 hobgoblins
  6 kobolds
  3 quokkas
  2 frilled lizards
  5 rats
42 creatures vanquished.

Notes
Turn   | Place    | Note
-------+----------+-------------------------------------------
     0 | D:1      | Tirrikindir the Octopode Fighter began the quest for the
                  | Orb.
     0 | D:1      | Reached XP level 1. HP: 16/16 MP: 1/1
    23 | D:1      | Found Ukoysek's Antique Weapon Emporium.
   131 | D:1      | Reached XP level 2. HP: 20/21 MP: 2/2
   189 | D:1      | Found Fucunea's General Store.
   214 | D:1      | Found Yggaagip's Antique Weapon Boutique.
   293 | D:1      | Reached skill level 1 in Stealth
   827 | D:1      | Reached XP level 3. HP: 24/26 MP: 3/3
  1530 | D:2      | Noticed Jessica
  1543 | D:2      | Killed Jessica
  1544 | D:2      | Reached XP level 4. HP: 31/31 MP: 4/4
  2043 | D:3      | Found a faded altar of an unknown god.
  2087 | D:3      | Found a hazy altar of Hepliaklqana.
  2235 | D:3      | Noticed Sigmund
  2240 | D:3      | Killed from afar by Sigmund

Illustrated notes

Levels and vault maps discovered:
D:1:      ncdulo_lavacross, layout_loops_ring, serial_shops, shop,
          nicolae_shop_window_shopping, nicolae_shop_waterfront, st_stairs_3,
          minmay_heptomino_h4
D:2:      layout_basic, kennysheep_jessica_study
D:3:      layout_rooms, nzn_hepliaklqana_mist_gate,
          nicolae_ecumenical_lake_church, uniq_ijyb, uniq_sigmund

Skill      XL: |  1  2  3  4 |
---------------+-------------+-----
Stealth        | 1 2 |  2.2
Long Blades    | 3 |  3.0
Fighting       | |  3.4
Dodging        | |  3.3
Shields        | |  3.4

Action                   |  1- 3 |  4- 6 || total
-------------------------+-------+-------++-------
Melee: Long sword        |    53 |       ||    53
       Constrict         |    18 |     4 ||    22
       Tentacles         |     8 |     2 ||    10
       Falchion          |    11 |    18 ||    29
  Use: Scroll            |     4 |     1 ||     5
       Potion            |       |     2 ||     2
 Stab: Sleeping          |     7 |     5 ||    12
Armor: Skin              |    12 |       ||    12
Dodge: Dodged            |    32 |     6 ||    38
Block: Buckler           |    11 |     2 ||    13
